 Dungeon Crawl Stone Soup version 0.26-a0-1205-g4083c211ab (webtiles) character file.

Game seed: 10824855558131034058

1570 stormannn the Destroyer (level 8, -3/41 HPs)
             Began as a Deep Elf Conjurer on Dec 29, 2020.
             Was an Initiate of Vehumet.
             Hit by a boomerang thrown by an orc warrior (21 damage)
             ... on level 7 of the Dungeon.
             The game lasted 00:16:48 (6293 turns).

stormannn the Destroyer (Deep Elf Conjurer)         Turns: 6293, Time: 00:17:08

Health: -3/41      AC:  3    Str:  4    XL:     8   Next: 59%
Magic:  15/22      EV: 13    Int: 26    God:    Vehumet [......]
Gold:   363        SH:  0    Dex: 13    Spells: 16/23 levels left

rFire    . . .     SeeInvis .   C - +2 whip (distort)
rCold    . . .     Faith    .   (no shield)
rNeg     . . .     Spirit   .   a - +0 robe
rPois    .         Reflect  .   w - +0 helmet
rElec    .         Harm     .   (no cloak)
rCorr    .         Rampage  .   (no gloves)
Will     .....                  (no boots)
Stlth    ++........             (no amulet)
HPRegen  0.13/turn              l - ring of wizardry
MPRegen  0.18/turn              f - ring of flight

@: no status effects
A: no striking features
a: Renounce Religion, Evoke Flight


You were on level 7 of the Dungeon.
You worshipped Vehumet.
Vehumet was noncommittal.
You visited 2 branches of the dungeon, and saw 8 of its levels.

You collected 363 gold pieces.

Inventory:

Hand Weapons
 s - a +1 whip of freezing
 C - a +2 whip of distortion (weapon)
Armour
 a - a +0 robe (worn)
 w - a +0 helmet (worn)
Jewellery
 f - a ring of flight (right hand)
 l - a ring of wizardry (left hand)
 v - a +4 ring of evasion {unknown}
 y - a +4 ring of slaying {unknown}
Wands
 p - a wand of polymorph (12)
 t - a wand of paralysis (11)
Scrolls
 b - 6 scrolls of identify
 c - 5 scrolls of remove curse {unknown}
 d - a scroll of noise {unknown}
 e - 2 scrolls of blinking {unknown}
 h - 3 scrolls of magic mapping {unknown}
 i - 2 scrolls of random uselessness {unknown}
 j - 3 scrolls of teleportation {unknown}
 k - 4 scrolls of enchant weapon {unknown}
 m - 3 scrolls of enchant armour {unknown}
 q - 2 scrolls of amnesia {unknown}
 r - 4 scrolls of fog {unknown}
 x - a scroll of fear {unknown}
Potions
 g - 2 potions of ambrosia {unknown}
 n - 2 potions of attraction
 o - 2 potions of heal wounds {unknown}
 u - a potion of mutation {unknown}
 z - a potion of curing {unknown}
 A - a potion of might {unknown}
 B - a potion of lignification {unknown}
 D - a potion of degeneration {unknown}
 E - a potion of cancellation {unknown}


   Skills:
 - Level 2.4 Dodging
 - Level 2.4 Stealth
 + Level 8.4 Spellcasting
 * Level 10.2 Conjurations
 - Level 4.0 Hexes


You had 16 spell levels left.
You knew the following spells:

 Your Spells              Type           Power        Failure   Level
a - Magic Dart            Conj           100%         1%          1
b - Searing Ray           Conj           100%         1%          2
c - Fulminant Prism       Conj/Hex       23%          1%          4

Your spell library contained the following spells:

 Spells                   Type           Power        Failure   Level
 Dazzling Flash           Conj/Hex       94%          1%          3
 Beastly Appendage        Tmut           20%          2%          1
 Iskenderun's Mystic Bla  Conj/Tloc      37%          2%          4
 Wereblood                Tmut           10%          3%          2
 Spider Form              Tmut/Pois      5%           6%          3
 Ice Form                 Ice/Tmut       10%          21%         4
 Blade Hands              Tmut           5%           50%         5


Dungeon Overview and Level Annotations

Branches:
Dungeon (7/15)             Temple (1/1) D:7

Altars:
Ashenzari
Fedhas
Gozag
Hepliaklqana
Kikubaaqudgha
Makhleb
Nemelex Xobeh
Okawaru
Qazlal
Ru
Sif Muna
Trog
Uskayaw
Vehumet
Wu Jian
Zin
The Shining One

Annotations:
D:6 1 runed translucent door
D:7 exclusion: cyclops


Message History

Confirm with . or Enter, or press ? or * to list all spells.
Aiming: Searing Ray (safe; 1% risk of failure)
Press: ? - help, Shift-Dir - straight line, f - orc wizard, p - orc warrior
Aim: an orc wizard, wielding a +0 dagger and wearing a +0 robe (fast, 21% to evade)
The searing ray misses the orc wizard. (Press . to maintain the ray.)
The orc warrior throws a boomerang.
The boomerang barely misses you.
The weapon returns to the orc warrior!
The searing ray hits the orc wizard!
The orc wizard is heavily wounded.
The searing ray misses the orc wizard.
The orc wizard hits you but does no damage.
The orc wizard closely misses you.
The searing ray hits the orc wizard.
The orc wizard is almost dead.
You finish channeling your searing ray.
The orc wizard hits you with a +0 dagger.
The orc warrior throws a boomerang.
The boomerang hits you!!
Ouch! That really hurt!
You die...

.....#...................#
.....#...................#
.....#.รท............######
##+###..............#
#...................#
....................#
.>..................#
......#####'###.....#
......#.......+.@...#
......#.......#.o...#
#.....'.^.....#.....#
#.....#########.....#
#..................o#
######..............#
.#...#..............######
.#...'.............[.....#
.#...#...................###


You could see an orc warrior and an orc wizard (fast).

Vanquished Creatures
  Menkaure (D:4)
  2 sky beasts
  An ice beast (D:7)
  3 ogres
  A phantom (D:7)
  A big kobold (D:7)
  2 bullfrogs
  A quasit (D:6)
  A hound (D:4)
  An orc priest (D:6)
  A jelly (D:7)
  A bullfrog skeleton (D:7)
  An iguana (D:7)
  3 orc wizards
  Ijyb (D:3)
  3 worker ants
  A hound zombie (D:5)
  A hound skeleton (D:5)
  3 gnolls (D:4)
  8 adders
  A shadow imp (D:5)
  A white imp (D:7)
  An adder zombie (D:7)
  4 oozes
  3 adder skeletons (D:4)
  A worm (D:3)
  4 dart slugs
  3 leopard geckos
  18 orcs
  6 bats
  3 giant cockroaches
  8 goblins
  4 hobgoblins
  7 jackals
  3 quokkas
  2 ball pythons
  7 frilled lizards
  14 kobolds
  7 rats
134 creatures vanquished.

Notes
Turn   | Place    | Note
-------+----------+-------------------------------------------
     0 | D:1      | stormannn the Deep Elf Conjurer began the quest for the
                  | Orb.
     0 | D:1      | Reached XP level 1. HP: 10/10 MP: 6/6
   138 | D:1      | Reached XP level 2. HP: 15/15 MP: 6/8
   302 | D:1      | Reached skill level 5 in Conjurations
   637 | D:1      | Reached XP level 3. HP: 19/19 MP: 7/10
  1061 | D:2      | Learned a level 2 spell: Searing Ray
  1090 | D:2      | Noticed a sky beast
  1113 | D:2      | Killed a sky beast
  1114 | D:2      | Reached skill level 6 in Conjurations
  1114 | D:2      | Reached XP level 4. HP: 7/24 MP: 0/12
  1114 | D:2      | Reached XP level 5. HP: 8/28 MP: 0/14
  1340 | D:2      | Found an opulent altar of Gozag.
  1386 | D:2      | Found a hide-covered altar of Uskayaw.
  1411 | D:2      | Noticed a +0 hand axe
  1412 | D:2      | Noticed a +0 hand axe
  1803 | D:2      | Reached skill level 5 in Spellcasting
  1943 | D:2      | Noticed an ogre
  1955 | D:2      | Killed an ogre
  1956 | D:2      | Reached skill level 7 in Conjurations
  1956 | D:2      | Reached XP level 6. HP: 32/32 MP: 6/16
  2284 | D:3      | Noticed Ijyb
  2287 | D:3      | Killed Ijyb
  2955 | D:4      | Reached skill level 1 in Hexes
  3093 | D:4      | Found a glowing golden altar of the Shining One.
  3303 | D:4      | Reached XP level 7. HP: 36/36 MP: 13/18
  3331 | D:4      | Found an iron altar of Okawaru.
  3364 | D:4      | Noticed Menkaure
  3369 | D:4      | Killed Menkaure
  3370 | D:4      | Reached skill level 8 in Conjurations
  3510 | D:4      | Found a hazy altar of Hepliaklqana.
  3745 | D:5      | Entered Level 5 of the Dungeon
  4389 | D:5      | Learned a level 4 spell: Fulminant Prism
  4390 | D:6      | Found a glowing golden altar of the Shining One.
  4400 | D:6      | Found a runed translucent door.
  4400 | D:6      | Noticed an angel
  4683 | D:6      | Found a stormy altar of Qazlal.
  4815 | D:6      | Reached XP level 8. HP: 41/41 MP: 13/20
  4871 | D:6      | Reached skill level 9 in Conjurations
  5675 | D:7      | Noticed a cyclops
  5684 | D:7      | Found a staircase to the Ecumenical Temple.
  5694 | D:7      | Reached skill level 10 in Conjurations
  5781 | Temple   | Entered the Ecumenical Temple
  6004 | Temple   | Became a worshipper of Vehumet
  6293 | D:7      | Hit by a boomerang thrown by an orc warrior

Illustrated notes

Levels and vault maps discovered:
D:1:      matt_arrival_diagonals, layout_rooms
D:2:      kb_forest_paths, layout_basic, dancing_weapons_uskayaw,
          grunt_gozag_statues, minmay_divided_ellipse
D:3:      layout_basic, uniq_ijyb
D:4:      layout_cave_pools, lemuel_doored_altar, general_overflow_altar,
          okawaru_gym_becter, serial_bayou_pond_c, uniq_menkaure
D:5:      layout_gridville
D:6:      layout_rooms, grunt_qazlal_clouds, lemuel_angel_altar
D:7:      layout_gridville, minmay_temple_entry_drinking_statues, uniq_duvessa,
          uniq_joseph
Temple:   minmay_temple_curvy_loop

Skill      XL: |  1  2  3  4  5  6  7  8 |
---------------+-------------------------+-----
Conjurations   | 5 6 7 8 10 | 10.2
Spellcasting   | 4 5 6 7 8 |  8.4
Hexes          | 2 4 |  4.0
Dodging        | |  2.4
Stealth        | |  2.4

Action                   |  1- 3 |  4- 6 |  7- 9 || total
-------------------------+-------+-------+-------++-------
Melee: Short sword       |     2 |       |       ||     2
 Cast: Magic Dart        |    63 |    63 |    81 ||   207
       Searing Ray       |     3 |    16 |    32 ||    51
  Use: Scroll            |       |     1 |       ||     1
Armor: Robe              |       |     2 |     1 ||     3
Dodge: Dodged            |    12 |     9 |    12 ||    33

Table legend: (Time is in decaauts)
 A = Elapsed time spent in this place.
 B = Non-inter-level travel time spent in this place.
 C = Inter-level travel time spent in this place.
 D = Time resting spent in this place.
 E = Time spent auto-exploring this place.
 F = Levels seen in this place.
 G = Mean time per level.
                   A        B        C        D        E       F      G
               +--------+--------+--------+--------+--------+-----+--------+
         Total |   6294 |   6087 |    207 |   2022 |   3261 |   8 |  786.8 |
       Dungeon |   6041 |   5898 |    143 |   2022 |   3075 |   7 |  863.0 |
        Temple |    252 |    188 |     64 |      0 |    186 |   1 |  252.0 |
               +--------+--------+--------+--------+--------+-----+--------+

Top non-repeatable levels by time:
     D:2: 1326 daAuts
     D:1: 938 daAuts
     D:7: 842 daAuts
     D:6: 806 daAuts
     D:4: 768 daAuts
     D:3: 714 daAuts
     D:5: 644 daAuts
  Temple: 252 daAuts
